Canucks vs Kings

Created - September 22, 2015 at 17:47

Simulating a Pre-Season

Goals
1 2 3 T
Canucks 1 1 0 2
Kings 2 1 2 5
Shots
1 2 3 T
Canucks 7 7 5 19
Kings 10 5 15 30

1st period

1. Canucks , Logan Couture 1 (Phil Kessel, Adam Henrique) at 4:30 (PP)
2. Kings , Derek MacKenzie 1 (Victor Rask) at 8:10
3. Kings , Jeff Skinner 1 (Chris Kunitz, Christian Folin) at 13:11

Penalties :
Matt Niskanen (LOS) for Slashing (Minor) at 3:04

2nd period

4. Canucks , Ryan Johansen 2 (Brent Burns, Claude Giroux) at 16:56
5. Kings , James van Riemsdyk 1 (Joe Thornton, Alexander Edler) at 19:58

Penalties :
No Penalty

3rd period

6. Kings , Joe Thornton 1 (Patrick Marleau, Jason Pominville) at 13:17 (PP)
7. Kings , Patrick Marleau 1 (Joe Thornton) at 14:33 (PP)

Penalties :
Adam Henrique (VAN) for Interference (Minor) at 5:23, Simon Despres (VAN) for Holding (Minor) at 12:09, Chris Kreider (VAN) for Hooking (Minor) at 14:21, Erik Karlsson (VAN) for Tripping (Minor) at 18:42

Goalie Stats

Henrik Lundqvist (VAN), 25 saves from 30 shots - (0.833), L, 1-1-0, 60:00 minutes
Steve Mason (LOS), 17 saves from 19 shots - (0.895), W, 1-0-0, 60:00 minutes

Players Stats for Canucks

Player Name              G  A  P  +/- PIM S  H  SB GA TA FO     MP     PP MP  PK MP  
------------------------------------------------------------------------------------
Adam Henrique            0  1  1   0  2   4  1  0  0  0  2/3    17:59   0:40   0:00 
Andrei Markov            0  0  0  -2  0   0  0  0  0  0  0/0    27:28   0:46   2:31 
Brent Burns              0  1  1  -1  0   0  3  1  0  0  0/1    17:10   0:46   2:05 
Chris Kreider            0  0  0  -1  2   1  0  0  0  0  0/1    13:07   0:00   0:52 
Claude Giroux            0  1  1  -2  0   2  3  0  0  0  9/22   27:28   0:46   3:03 
Cody Ceci                0  0  0   0  0   1  0  0  0  0  0/0    12:23   0:00   0:00 
Dmitrij Jaskin           0  0  0   0  0   2  0  1  0  0  0/0    10:03   0:00   0:00 
Erik Karlsson            0  0  0  -2  2   1  4  2  0  0  0/0    26:42   0:46   1:46 
Evgeny Kuznetsov         0  0  0   0  0   0  0  0  0  0  6/10   10:19   0:00   0:16 
Jimmy Hayes              0  0  0  -1  0   0  0  0  0  0  3/3    12:16   0:00   0:00 
Johan Larsson            0  0  0   0  0   0  0  0  0  0  0/0    10:03   0:00   0:00 
Jonas Brodin             0  0  0   0  0   0  0  0  0  0  0/0    20:09   0:40   2:05 
Logan Couture            1  0  1   0  0   2  4  0  0  0  10/23  18:49   0:40   0:49 
Phil Kessel              0  1  1   0  0   1  1  0  0  0  0/0    18:49   0:40   0:49 
Ryan Johansen            1  0  1  -1  0   4  0  0  0  0  0/2    18:28   0:46   3:23 
Ryan Strome              0  0  0  -1  0   1  2  0  0  0  4/10   12:16   0:00   0:00 
Simon Despres            0  0  0   0  2   0  2  0  0  0  0/0    18:48   0:40   0:45 
Torrey Mitchell          0  0  0   1  0   0  0  0  0  0  0/1     3:03   0:00   0:00 

Players Stats for Kings

Player Name              G  A  P  +/- PIM S  H  SB GA TA FO     MP     PP MP  PK MP  
------------------------------------------------------------------------------------
Alexander Edler          0  1  1   0  0   1  0  2  0  0  0/0    20:02   0:00   0:56 
Andre Burakovsky         0  0  0  -1  0   0  1  0  0  0  1/1    18:42   2:08   0:00 
Brian Gionta             0  0  0   1  0   2  0  0  0  0  0/0     7:12   0:00   0:30 
Chris Kunitz             0  1  1   1  0   0  1  0  0  0  1/1    11:27   0:00   0:00 
Christian Folin          0  1  1   2  0   0  1  0  0  0  0/0    17:07   0:00   0:00 
Derek MacKenzie          1  0  1   1  0   1  0  0  0  0  3/9     7:43   0:00   0:00 
James van Riemsdyk       1  0  1   1  0   6  2  0  0  0  0/1    21:43   2:28   0:00 
Jason Pominville         0  1  1  -1  0   1  0  0  0  0  0/0    19:02   2:28   0:00 
Jeff Skinner             1  0  1   1  0   2  0  0  0  0  0/1    13:35   2:08   0:00 
Joe Thornton             1  2  3   1  0   2  0  0  0  0  12/27  23:00   2:28   0:56 
Matt Niskanen            0  0  0   0  2   1  5  0  0  0  0/0    22:11   2:13   0:00 
Mikael Granlund          0  0  0   1  0   4  0  0  0  0  10/14  14:05   2:08   0:30 
Mirco Mueller            0  0  0   2  0   0  2  0  0  0  0/0    19:49   0:00   0:00 
Niklas Kronwall          0  0  0   0  0   1  1  1  0  0  0/0    26:16   2:23   0:52 
Patrick Marleau          1  1  2   1  0   7  1  0  0  0  0/1    21:38   2:23   0:00 
Ryan Nugent-Hopkins      0  0  0  -1  0   1  3  0  0  0  15/20  19:43   2:13   0:56 
Ryan Stanton             0  0  0   0  0   0  2  1  0  0  0/0     8:36   0:00   1:04 
Victor Rask              0  1  1   1  0   1  0  0  0  0  0/1     6:42   0:00   0:00 

3 Stars

1 - Joe Thornton (LOS)
2 - Patrick Marleau (LOS)
3 - Logan Couture (VAN)

Power Play

Canucks - 1 on 1 Attempt(s) - 100.00%
Kings - 2 on 4 Attempt(s) - 50.00%

Penalty Kill

Canucks - 2 on 4 Attempt(s) - 50.00% - Score 0 goal in Penalty Kill
Kings - 0 on 1 Attempt(s) - 0.00% - Score 0 goal in Penalty Kill

Team Stat

Canucks - Hits : 20 - Faceoff Wins : 34 - Blocked Shots : 4 - Penalty Minutes : 8
Kings - Hits : 19 - Faceoff Wins : 42 - Blocked Shots : 4 - Penalty Minutes : 2

Official

Referees : Rob Martell and Francois St. Laurent
Linesman : Michel Cormier and Darren Gibbs

Game Notes

Ryan Stanton is injured at 4:24 of 2nd period (Bruised Right Arm)

% Time on Ice - Canucks

Lines # - Real PCT - Wanted PCT - Time Play
Normal Forward
1 - 27% - 40% - 14:19
2 - 32% - 30% - 17:20
3 - 23% - 20% - 12:16
4 - 19% - 10% - 10:03
Normal Defense
1 - 38% - 40% - 20:29
2 - 32% - 30% - 17:24
3 - 23% - 20% - 12:23
4 - 7% - 10% - 3:42
PP Forward
1 - 53% - 60% - 0:46
2 - 47% - 40% - 0:40
PP Defense
1 - 53% - 60% - 0:46
2 - 47% - 40% - 0:40
PK Forward
1 - 82% - 60% - 3:47
2 - 18% - 40% - 0:49
PK Defense
1 - 55% - 60% - 2:31
2 - 45% - 40% - 2:05
PK3 Forward
1 - 0% - 60%
2 - 0% - 40%
PK3 Defense
1 - 0% - 60%
2 - 0% - 40%
44 Forward
1 - 0% - 60%
2 - 0% - 40%
44 Defense
1 - 0% - 60%
2 - 0% - 40%
Last Minute Offensive  - 0:00
Last Minute Defensive  - 0:00
Total
Forward - 60:00
Defense - 60:00

% Time on Ice - Kings

Lines # - Real PCT - Wanted PCT - Time Play
Normal Forward
1 - 36% - 40% - 19:15
2 - 31% - 30% - 16:34
3 - 21% - 20% - 11:27
4 - 12% - 10% - 6:42
Normal Defense
1 - 33% - 40% - 17:36
2 - 36% - 30% - 19:40
3 - 27% - 20% - 14:31
4 - 4% - 10% - 2:11
PP Forward
1 - 54% - 60% - 2:28
2 - 46% - 40% - 2:08
PP Defense
1 - 52% - 60% - 2:23
2 - 48% - 40% - 2:13
PK Forward
1 - 65% - 60% - 0:56
2 - 35% - 40% - 0:30
PK Defense
1 - 26% - 60% - 0:22
2 - 74% - 40% - 1:04
PK3 Forward
1 - 0% - 60%
2 - 0% - 40%
PK3 Defense
1 - 0% - 60%
2 - 0% - 40%
44 Forward
1 - 0% - 60%
2 - 0% - 40%
44 Defense
1 - 0% - 60%
2 - 0% - 40%
Last Minute Offensive  - 0:00
Last Minute Defensive  - 0:00
Total
Forward - 60:00
Defense - 60:00

Play by Play

1st period


0:01 of 1st period - Claude Giroux wins face-off versus Joe Thornton in neutral zone.
0:11 of 1st period - Matt Niskanen is hit by Brent Burns and loses puck.
0:28 of 1st period - Shot by Claude Giroux.
0:28 of 1st period - Shot Misses the Net.
0:40 of 1st period - Icing by Andrei Markov.
0:41 of 1st period - Claude Giroux wins face-off versus Ryan Nugent-Hopkins in Canucks zone.
0:41 of 1st period - Claude Giroux is hit by Ryan Stanton.
1:10 of 1st period - Icing by Alexander Edler.
1:11 of 1st period - Ryan Nugent-Hopkins wins face-off versus Logan Couture in Kings zone.
1:16 of 1st period - Jonas Brodin is hit by Ryan Nugent-Hopkins and loses puck.
1:34 of 1st period - Shot by Ryan Nugent-Hopkins.
1:34 of 1st period - Shot Misses the Net.
2:38 of 1st period - Shot by Matt Niskanen.
2:38 of 1st period - Stopped by Henrik Lundqvist without a rebound.
2:39 of 1st period - Evgeny Kuznetsov wins face-off versus Derek MacKenzie in Canucks zone.
3:04 of 1st period - Minor Penalty to Matt Niskanen for Slashing.
3:05 of 1st period - Ryan Nugent-Hopkins wins face-off versus Claude Giroux in Kings zone.
4:08 of 1st period - Icing by Logan Couture.
4:09 of 1st period - Adam Henrique wins face-off versus Ryan Nugent-Hopkins in Canucks zone.
4:30 of 1st period - Shot by Logan Couture.
4:30 of 1st period - Goal by Logan Couture - Canucks : 1 - Kings : 0.
4:31 of 1st period - Mikael Granlund wins face-off versus Ryan Strome in neutral zone.
5:59 of 1st period - Erik Karlsson is hit by James van Riemsdyk and loses puck.
6:32 of 1st period - Matt Niskanen is hit by Phil Kessel and loses puck.
7:33 of 1st period - Shot by Ryan Johansen.
7:33 of 1st period - Stopped by Steve Mason without a rebound.
7:34 of 1st period - Ryan Nugent-Hopkins wins face-off versus Torrey Mitchell in Kings zone.
7:52 of 1st period - Off-side.
7:53 of 1st period - Derek MacKenzie wins face-off versus Ryan Strome in neutral zone.
7:58 of 1st period - Shot by Victor Rask.
7:58 of 1st period - Shot Misses the Net.
8:07 of 1st period - Derek MacKenzie is hit by Claude Giroux and loses puck.
8:10 of 1st period - Shot by Derek MacKenzie.
8:10 of 1st period - Goal by Derek MacKenzie - Canucks : 1 - Kings : 1.
8:11 of 1st period - Evgeny Kuznetsov wins face-off versus Ryan Nugent-Hopkins in neutral zone.
8:40 of 1st period - Ryan Nugent-Hopkins is hit by Erik Karlsson and loses puck.
9:07 of 1st period - Shot by Brian Gionta.
9:07 of 1st period - Deflect By Victor Rask.
9:07 of 1st period - Stopped by Henrik Lundqvist without a rebound.
9:08 of 1st period - Derek MacKenzie wins face-off versus Claude Giroux in Canucks zone.
9:41 of 1st period - Shot by Claude Giroux.
9:41 of 1st period - Stopped by Steve Mason with a rebound.
10:33 of 1st period - Icing by Andrei Markov.
10:34 of 1st period - Joe Thornton wins face-off versus Logan Couture in Canucks zone.
10:48 of 1st period - Icing by Andrei Markov.
10:49 of 1st period - Andre Burakovsky wins face-off versus Logan Couture in Canucks zone.
10:53 of 1st period - Ryan Nugent-Hopkins is hit by Erik Karlsson and loses puck.
11:25 of 1st period - Shot by Jimmy Hayes.
11:25 of 1st period - Shot Misses the Net.
11:33 of 1st period - Shot by Chris Kreider.
11:33 of 1st period - Shot Misses the Net.
11:41 of 1st period - Shot by Chris Kreider.
11:41 of 1st period - Stopped by Steve Mason without a rebound.
11:42 of 1st period - Evgeny Kuznetsov wins face-off versus Joe Thornton in Kings zone.
11:59 of 1st period - Shot by Patrick Marleau.
11:59 of 1st period - Shot Misses the Net.
12:04 of 1st period - James van Riemsdyk is hit by Simon Despres and loses puck.
12:44 of 1st period - Icing by Chris Kunitz.
12:45 of 1st period - Mikael Granlund wins face-off versus Claude Giroux in Kings zone.
12:47 of 1st period - Icing by Chris Kunitz.
12:48 of 1st period - Claude Giroux wins face-off versus Mikael Granlund in Kings zone.
13:11 of 1st period - Shot by Jeff Skinner.
13:11 of 1st period - Goal by Jeff Skinner - Canucks : 1 - Kings : 2.
13:12 of 1st period - Ryan Strome wins face-off versus Joe Thornton in neutral zone.
13:23 of 1st period - Chris Kreider is hit by Patrick Marleau and loses puck.
13:28 of 1st period - Shot by Patrick Marleau.
13:28 of 1st period - Stopped by Henrik Lundqvist with a rebound.
13:30 of 1st period - Shot by Niklas Kronwall.
13:30 of 1st period - Stopped by Henrik Lundqvist with a rebound.
13:42 of 1st period - Shot by Joe Thornton.
13:42 of 1st period - Stopped by Henrik Lundqvist without a rebound.
13:43 of 1st period - Ryan Nugent-Hopkins wins face-off versus Logan Couture in Canucks zone.
14:08 of 1st period - Shot by Phil Kessel.
14:08 of 1st period - Stopped by Steve Mason with a rebound.
15:35 of 1st period - Shot by Ryan Johansen.
15:35 of 1st period - Stopped by Steve Mason without a rebound.
15:36 of 1st period - Evgeny Kuznetsov wins face-off versus James van Riemsdyk in Kings zone.
15:40 of 1st period - Johan Larsson is hit by Niklas Kronwall and loses puck.
15:52 of 1st period - Shot by Dmitrij Jaskin.
15:52 of 1st period - Shot Misses the Net.
16:16 of 1st period - Shot by Patrick Marleau.
16:16 of 1st period - Stopped by Henrik Lundqvist without a rebound.
16:17 of 1st period - Logan Couture wins face-off versus Derek MacKenzie in Canucks zone.
16:26 of 1st period - Shot by Erik Karlsson.
16:26 of 1st period - Stopped by Steve Mason without a rebound.
16:27 of 1st period - Mikael Granlund wins face-off versus Chris Kreider in Kings zone.
17:25 of 1st period - Shot by Patrick Marleau.
17:25 of 1st period - Stopped by Henrik Lundqvist without a rebound.
17:26 of 1st period - Claude Giroux wins face-off versus Derek MacKenzie in Canucks zone.
18:09 of 1st period - Shot by Brian Gionta.
18:09 of 1st period - Stopped by Henrik Lundqvist without a rebound.
18:10 of 1st period - Joe Thornton wins face-off versus Logan Couture in Canucks zone.
19:34 of 1st period - Shot by Jason Pominville.
19:34 of 1st period - Shot Misses the Net.
19:42 of 1st period - Claude Giroux is hit by Ryan Nugent-Hopkins and loses puck.
Goals for this period are 1 for Canucks vs 2 for Kings.
Shots for this period are 7 for Canucks vs 10 for Kings.

2nd period


0:01 of 2nd period - Joe Thornton wins face-off versus Claude Giroux in neutral zone.
0:23 of 2nd period - Off-side.
0:24 of 2nd period - Ryan Nugent-Hopkins wins face-off versus Logan Couture in neutral zone.
0:34 of 2nd period - Jason Pominville is hit by Simon Despres and loses puck.
0:40 of 2nd period - Logan Couture is hit by Andre Burakovsky and loses puck.
0:59 of 2nd period - Shot by Phil Kessel.
0:59 of 2nd period - Shot Misses the Net.
1:01 of 2nd period - Shot by Jonas Brodin.
1:01 of 2nd period - Shot Blocked by Alexander Edler.
1:08 of 2nd period - Adam Henrique is hit by Ryan Stanton.
1:18 of 2nd period - Shot by Ryan Johansen.
1:18 of 2nd period - Stopped by Steve Mason without a rebound.
1:19 of 2nd period - Joe Thornton wins face-off versus Brent Burns in Kings zone.
2:19 of 2nd period - Icing by Christian Folin.
2:20 of 2nd period - Logan Couture wins face-off versus Mikael Granlund in Kings zone.
2:20 of 2nd period - Logan Couture is hit by Christian Folin.
2:54 of 2nd period - Shot by Adam Henrique.
2:54 of 2nd period - Stopped by Steve Mason without a rebound.
2:55 of 2nd period - Ryan Nugent-Hopkins wins face-off versus Ryan Strome in Kings zone.
2:57 of 2nd period - Andre Burakovsky is hit by Ryan Strome.
3:12 of 2nd period - Shot by Chris Kreider.
3:12 of 2nd period - Shot Misses the Net.
3:14 of 2nd period - Shot by Ryan Strome.
3:14 of 2nd period - Shot Blocked by Alexander Edler.
3:16 of 2nd period - Shot by Cody Ceci.
3:16 of 2nd period - Stopped by Steve Mason without a rebound.
3:17 of 2nd period - Joe Thornton wins face-off versus Evgeny Kuznetsov in Kings zone.
3:40 of 2nd period - Shot by Dmitrij Jaskin.
3:40 of 2nd period - Stopped by Steve Mason with a rebound.
4:24 of 2nd period - Shot by Claude Giroux.
4:24 of 2nd period - Shot Blocked by Ryan Stanton.
4:24 of 2nd period - Ryan Stanton from Kings is injured at 4:24 of 2nd period (Bruised Right Arm).
4:25 of 2nd period - Derek MacKenzie wins face-off versus Claude Giroux in Kings zone.
4:36 of 2nd period - Shot by Brian Gionta.
4:36 of 2nd period - Shot Misses the Net.
4:46 of 2nd period - Shot by Brian Gionta.
4:46 of 2nd period - Stopped by Henrik Lundqvist with a rebound.
4:48 of 2nd period - Shot by Derek MacKenzie.
4:48 of 2nd period - Shot Misses the Net.
6:03 of 2nd period - Icing by Adam Henrique.
6:04 of 2nd period - Joe Thornton wins face-off versus Logan Couture in Canucks zone.
7:15 of 2nd period - Shot by Mikael Granlund.
7:15 of 2nd period - Stopped by Henrik Lundqvist without a rebound.
7:16 of 2nd period - Logan Couture wins face-off versus Mikael Granlund in Canucks zone.
7:41 of 2nd period - Shot by Mikael Granlund.
7:41 of 2nd period - Stopped by Henrik Lundqvist without a rebound.
7:42 of 2nd period - Ryan Nugent-Hopkins wins face-off versus Evgeny Kuznetsov in Canucks zone.
9:02 of 2nd period - Shot by Patrick Marleau.
9:02 of 2nd period - Shot Blocked by Brent Burns.
9:08 of 2nd period - Shot by Joe Thornton.
9:08 of 2nd period - Shot Misses the Net.
9:39 of 2nd period - Icing by Simon Despres.
9:40 of 2nd period - Adam Henrique wins face-off versus Derek MacKenzie in Canucks zone.
10:04 of 2nd period - Shot by Phil Kessel.
10:04 of 2nd period - Deflect By Logan Couture.
10:04 of 2nd period - Stopped by Steve Mason without a rebound.
10:05 of 2nd period - Ryan Strome wins face-off versus Jeff Skinner in Kings zone.
12:44 of 2nd period - Christian Folin is hit by Brent Burns and loses puck.
12:56 of 2nd period - Off-side.
12:57 of 2nd period - Mikael Granlund wins face-off versus Logan Couture in neutral zone.
12:57 of 2nd period - Alexander Edler is hit by Adam Henrique and loses puck.
13:10 of 2nd period - Chris Kunitz is hit by Erik Karlsson and loses puck.
13:42 of 2nd period - Icing by Andrei Markov.
13:43 of 2nd period - Joe Thornton wins face-off versus Logan Couture in Canucks zone.
13:54 of 2nd period - Shot by James van Riemsdyk.
13:54 of 2nd period - Stopped by Henrik Lundqvist without a rebound.
13:55 of 2nd period - Ryan Strome wins face-off versus Ryan Nugent-Hopkins in Canucks zone.
14:45 of 2nd period - Icing by Joe Thornton.
14:46 of 2nd period - Evgeny Kuznetsov wins face-off versus Joe Thornton in Kings zone.
14:46 of 2nd period - Erik Karlsson is hit by Matt Niskanen and loses puck.
15:07 of 2nd period - Shot by Evgeny Kuznetsov.
15:07 of 2nd period - Shot Misses the Net.
15:09 of 2nd period - Shot by Dmitrij Jaskin.
15:09 of 2nd period - Shot Blocked by Niklas Kronwall.
15:12 of 2nd period - Johan Larsson is hit by Matt Niskanen and loses puck.
15:54 of 2nd period - Icing by Chris Kunitz.
15:55 of 2nd period - Mikael Granlund wins face-off versus Logan Couture in Kings zone.
16:16 of 2nd period - Shot by Phil Kessel.
16:16 of 2nd period - Deflect By Adam Henrique.
16:16 of 2nd period - Stopped by Steve Mason without a rebound.
16:17 of 2nd period - Ryan Nugent-Hopkins wins face-off versus Ryan Johansen in Kings zone.
16:56 of 2nd period - Shot by Ryan Johansen.
16:56 of 2nd period - Goal by Ryan Johansen - Canucks : 2 - Kings : 2.
16:57 of 2nd period - Logan Couture wins face-off versus Patrick Marleau in neutral zone.
17:00 of 2nd period - Joe Thornton is hit by Logan Couture and loses puck.
17:39 of 2nd period - Adam Henrique is hit by Mirco Mueller.
17:47 of 2nd period - Mirco Mueller is hit by Logan Couture and loses puck.
18:03 of 2nd period - Icing by Simon Despres.
18:04 of 2nd period - Ryan Nugent-Hopkins wins face-off versus Adam Henrique in Canucks zone.
18:24 of 2nd period - Icing by Andre Burakovsky.
18:25 of 2nd period - Ryan Nugent-Hopkins wins face-off versus Claude Giroux in Kings zone.
18:30 of 2nd period - Andrei Markov is hit by Ryan Nugent-Hopkins and loses puck.
19:58 of 2nd period - Shot by James van Riemsdyk.
19:58 of 2nd period - Goal by James van Riemsdyk - Canucks : 2 - Kings : 3.
19:59 of 2nd period - Mikael Granlund wins face-off versus Ryan Strome in neutral zone.
Goals for this period are 1 for Canucks vs 1 for Kings.
Shots for this period are 7 for Canucks vs 5 for Kings.

3rd period


0:01 of 3rd period - Joe Thornton wins face-off versus Claude Giroux in neutral zone.
1:05 of 3rd period - Logan Couture is hit by Chris Kunitz and loses puck.
1:14 of 3rd period - Shot by Mikael Granlund.
1:14 of 3rd period - Shot Misses the Net.
1:35 of 3rd period - Icing by Alexander Edler.
1:36 of 3rd period - Jimmy Hayes wins face-off versus Mikael Granlund in Kings zone.
3:11 of 3rd period - Icing by Niklas Kronwall.
3:12 of 3rd period - Ryan Nugent-Hopkins wins face-off versus Logan Couture in Kings zone.
3:12 of 3rd period - Ryan Nugent-Hopkins is hit by Logan Couture.
3:44 of 3rd period - Icing by Mirco Mueller.
3:45 of 3rd period - Joe Thornton wins face-off versus Ryan Strome in Kings zone.
5:23 of 3rd period - Minor Penalty to Adam Henrique for Interference.
5:24 of 3rd period - Claude Giroux wins face-off versus Joe Thornton in Canucks zone.
5:49 of 3rd period - Shot by Patrick Marleau.
5:49 of 3rd period - Stopped by Henrik Lundqvist with a rebound.
5:51 of 3rd period - Shot by James van Riemsdyk.
5:51 of 3rd period - Shot Misses the Net.
5:53 of 3rd period - Shot by Patrick Marleau.
5:53 of 3rd period - Shot Misses the Net.
7:38 of 3rd period - Shot by Dmitrij Jaskin.
7:38 of 3rd period - Stopped by Steve Mason without a rebound.
7:39 of 3rd period - Logan Couture wins face-off versus Derek MacKenzie in Kings zone.
7:42 of 3rd period - Shot by Adam Henrique.
7:42 of 3rd period - Stopped by Steve Mason without a rebound.
7:43 of 3rd period - Logan Couture wins face-off versus Victor Rask in Kings zone.
7:43 of 3rd period - Erik Karlsson is hit by Mirco Mueller and loses puck.
8:17 of 3rd period - Icing by Erik Karlsson.
8:18 of 3rd period - Logan Couture wins face-off versus Ryan Nugent-Hopkins in Canucks zone.
8:25 of 3rd period - Shot by Adam Henrique.
8:25 of 3rd period - Stopped by Steve Mason without a rebound.
8:26 of 3rd period - Claude Giroux wins face-off versus Joe Thornton in Kings zone.
8:26 of 3rd period - Jonas Brodin is hit by Matt Niskanen and loses puck.
8:47 of 3rd period - Jonas Brodin is hit by Matt Niskanen and loses puck.
9:02 of 3rd period - Shot by Brent Burns.
9:02 of 3rd period - Deflect By Claude Giroux.
9:02 of 3rd period - Stopped by Steve Mason without a rebound.
9:03 of 3rd period - Ryan Nugent-Hopkins wins face-off versus Logan Couture in Kings zone.
9:44 of 3rd period - Shot by Jason Pominville.
9:44 of 3rd period - Shot Blocked by Erik Karlsson.
9:53 of 3rd period - Icing by Andrei Markov.
9:54 of 3rd period - Logan Couture wins face-off versus Joe Thornton in Canucks zone.
10:05 of 3rd period - Matt Niskanen is hit by Logan Couture and loses puck.
10:57 of 3rd period - Icing by Mirco Mueller.
10:58 of 3rd period - Mikael Granlund wins face-off versus Ryan Strome in Kings zone.
11:04 of 3rd period - Chris Kunitz is hit by Claude Giroux and loses puck.
11:28 of 3rd period - Shot by Mikael Granlund.
11:28 of 3rd period - Stopped by Henrik Lundqvist without a rebound.
11:29 of 3rd period - Ryan Nugent-Hopkins wins face-off versus Evgeny Kuznetsov in Canucks zone.
11:32 of 3rd period - Shot by Jason Pominville.
11:32 of 3rd period - Stopped by Henrik Lundqvist without a rebound.
11:33 of 3rd period - Evgeny Kuznetsov wins face-off versus Joe Thornton in Canucks zone.
12:09 of 3rd period - Minor Penalty to Simon Despres for Holding.
12:10 of 3rd period - Mikael Granlund wins face-off versus Claude Giroux in Canucks zone.
13:13 of 3rd period - Shot by Joe Thornton.
13:13 of 3rd period - Shot Misses the Net.
13:15 of 3rd period - Shot by Joe Thornton.
13:15 of 3rd period - Shot Blocked by Erik Karlsson.
13:17 of 3rd period - Shot by Joe Thornton.
13:17 of 3rd period - Goal by Joe Thornton - Canucks : 2 - Kings : 4.
13:18 of 3rd period - Jimmy Hayes wins face-off versus Derek MacKenzie in neutral zone.
13:56 of 3rd period - Brian Gionta is hit by Ryan Strome and loses puck.
14:21 of 3rd period - Minor Penalty to Chris Kreider for Hooking.
14:22 of 3rd period - Claude Giroux wins face-off versus Joe Thornton in Canucks zone.
14:31 of 3rd period - Shot by James van Riemsdyk.
14:31 of 3rd period - Stopped by Henrik Lundqvist without a rebound.
14:32 of 3rd period - Joe Thornton wins face-off versus Claude Giroux in Canucks zone.
14:33 of 3rd period - Shot by Patrick Marleau.
14:33 of 3rd period - Goal by Patrick Marleau - Canucks : 2 - Kings : 5.
14:34 of 3rd period - Joe Thornton wins face-off versus Claude Giroux in neutral zone.
14:34 of 3rd period - Patrick Marleau is hit by Claude Giroux and loses puck.
14:48 of 3rd period - Shot by James van Riemsdyk.
14:48 of 3rd period - Stopped by Henrik Lundqvist without a rebound.
14:49 of 3rd period - Ryan Nugent-Hopkins wins face-off versus Logan Couture in Canucks zone.
15:43 of 3rd period - Claude Giroux is hit by Matt Niskanen and loses puck.
15:51 of 3rd period - Icing by Niklas Kronwall.
15:52 of 3rd period - Ryan Strome wins face-off versus Joe Thornton in Kings zone.
16:13 of 3rd period - Shot by James van Riemsdyk.
16:13 of 3rd period - Stopped by Henrik Lundqvist without a rebound.
16:14 of 3rd period - Chris Kunitz wins face-off versus Evgeny Kuznetsov in Canucks zone.
16:37 of 3rd period - Shot by Jeff Skinner.
16:37 of 3rd period - Stopped by Henrik Lundqvist with a rebound.
16:39 of 3rd period - Shot by Chris Kunitz.
16:39 of 3rd period - Shot Blocked by Dmitrij Jaskin.
16:41 of 3rd period - Shot by Alexander Edler.
16:41 of 3rd period - Stopped by Henrik Lundqvist without a rebound.
16:42 of 3rd period - Jimmy Hayes wins face-off versus Joe Thornton in Canucks zone.
17:09 of 3rd period - Shot by Ryan Strome.
17:09 of 3rd period - Stopped by Steve Mason without a rebound.
17:10 of 3rd period - Ryan Nugent-Hopkins wins face-off versus Ryan Johansen in Kings zone.
17:10 of 3rd period - Ryan Nugent-Hopkins is hit by Brent Burns.
17:55 of 3rd period - Off-side.
17:56 of 3rd period - Logan Couture wins face-off versus Joe Thornton in neutral zone.
18:04 of 3rd period - Shot by Patrick Marleau.
18:04 of 3rd period - Stopped by Henrik Lundqvist without a rebound.
18:05 of 3rd period - Logan Couture wins face-off versus Joe Thornton in Canucks zone.
18:05 of 3rd period - Logan Couture is hit by James van Riemsdyk.
18:27 of 3rd period - Shot by Joe Thornton.
18:27 of 3rd period - Shot Misses the Net.
18:34 of 3rd period - James van Riemsdyk is hit by Erik Karlsson and loses puck.
18:42 of 3rd period - Minor Penalty to Erik Karlsson for Tripping.
18:43 of 3rd period - Mikael Granlund wins face-off versus Claude Giroux in Canucks zone.
18:56 of 3rd period - Shot by Ryan Nugent-Hopkins.
18:56 of 3rd period - Stopped by Henrik Lundqvist with a rebound.
18:58 of 3rd period - Shot by Mikael Granlund.
18:58 of 3rd period - Stopped by Henrik Lundqvist without a rebound.
18:59 of 3rd period - Claude Giroux wins face-off versus Joe Thornton in Canucks zone.
19:08 of 3rd period - Shot by Patrick Marleau.
19:08 of 3rd period - Stopped by Henrik Lundqvist without a rebound.
19:09 of 3rd period - Mikael Granlund wins face-off versus Claude Giroux in Canucks zone.
19:31 of 3rd period - Off-side.
19:32 of 3rd period - Joe Thornton wins face-off versus Claude Giroux in neutral zone.
19:37 of 3rd period - Shot by James van Riemsdyk.
19:37 of 3rd period - Stopped by Henrik Lundqvist without a rebound.
19:38 of 3rd period - Claude Giroux wins face-off versus Joe Thornton in Canucks zone.
Goals for this period are 0 for Canucks vs 2 for Kings.
Shots for this period are 5 for Canucks vs 15 for Kings.